 Dungeon Crawl Stone Soup version 0.21.1-1-g345015fe64 (webtiles) character file.

631963 Lavandula the Blinker (level 26, -6/314 HPs)
             Began as a Deep Dwarf Transmuter on May 31, 2018.
             Was the Champion of Makhleb.
             Mangled by a balrug
             ... wielding a +1 demon whip of pain
              (7 damage)
             ... in Pandemonium.
             The game lasted 04:59:27 (27003 turns).

Lavandula the Blinker (Deep Dwarf Transmuter)      Turns: 27003, Time: 04:59:28

Health: -6/314     AC: 31    Str: 19    XL:     26   Next: 24%
Magic:  18/21      EV: 27    Int: 21    God:    Makhleb [******]
Gold:   1285       SH:  0    Dex: 13    Spells: 1/47 levels left

rFire    + . .     SeeInvis +   h - +9 battleaxe (elec)
rCold    + . .     Gourm    .   (shield currently unavailable)
rNeg     + + +     Faith    .   (armour currently unavailable)
rPois    ∞         Spirit   .   q - +2 hat {SInv}
rElec    +         Reflect  .   l - +2 cloak {MR+}
rCorr    .         Harm     .   (gloves currently unavailable)
MR       ++++.                  (boots currently unavailable)
Stlth    ++........             P - amulet "Yghouh" {rElec rF+ rN+ Regen+}
HPRegen  0.00/turn              g - +6 ring of evasion
MPRegen  0.17/turn              O - ring of protection from cold

@: confused, statue-form, very slightly contaminated, non-regenerating, deflect
missiles, very slow
A: damage resistance, heal wounds, large bone plates 1, deformed body,
deterioration 1, negative energy resistance 1, sense surroundings 3, screaming
1, no regeneration
}: 5/15 runes: decaying, slimy, silver, abyssal, gossamer
a: Heal Wounds, End Transformation, Minor Destruction, Lesser Servant of
Makhleb, Major Destruction, Greater Servant of Makhleb, Renounce Religion


You were in Pandemonium.
You worshipped Makhleb.
Makhleb was exalted by your worship.
You were not hungry.
You were a stone statue.
You visited 12 branches of the dungeon, and saw 51 of its levels.
You visited Pandemonium 2 times, and saw 5 of its levels.
You visited the Abyss 1 time.
You visited 1 bazaar.
You visited 1 ziggurat, and saw 9 of its levels.
You also visited: Ossuary, Ice Cave and Desolation.

You collected 7034 gold pieces.
You spent 5749 gold pieces at shops.

Inventory:

Hand Weapons
 h - a +9 battleaxe of electrocution (weapon)
 W - a +9 battleaxe of chopping
Missiles
 V - 5 throwing nets (quivered)
 Y - 3 javelins of penetration
Armour
 k - +0 ice dragon scales
 l - a +2 cloak of magic resistance (worn)
 q - a +2 hat of see invisible (worn)
 F - +5 fire dragon scales
 Q - the +2 ring mail of the Insatiable Lives (melded) {rElec rCorr Str+3}
   (You bought it in a shop on level 2 of the Orcish Mines)

   It affects your strength (+3).
   It insulates you from electricity.
   It protects you from acid and corrosion.
 Z - a +2 pair of boots (melded)
Magical Staves
 B - an uncursed staff of energy
Jewellery
 g - a +6 ring of evasion (left hand)
 v - an uncursed ring of wizardry
 E - the ring of Propriety {+Blink rN+ Int+10 Stlth-}
   (You found it on level 3 of the Crypt)

   [ring of positive energy]

   It affects your intelligence (+10).
   It protects you from negative energy.
   It lets you blink.
   It makes you less stealthy.
 H - an uncursed ring of resist corrosion
 O - a ring of protection from cold (right hand)
 P - the amulet "Yghouh" (around neck) {rElec rF+ rN+ Regen+}
   (You found it on level 2 of a ziggurat)

   [amulet of regeneration]

   It protects you from fire.
   It insulates you from electricity.
   It protects you from negative energy.
   It increases your rate of regeneration.
Wands
 c - a wand of digging (9)
 x - a wand of acid (16)
 A - a wand of enslavement (12)
 G - a wand of flame (59)
 J - a wand of disintegration (64)
 N - a wand of paralysis (17)
 T - a wand of polymorph (16)
Scrolls
 a - 2 scrolls of immolation
 j - 2 scrolls of amnesia
 o - 13 scrolls of teleportation
 r - 3 scrolls of blinking
 w - 12 scrolls of remove curse
 D - 2 scrolls of magic mapping
 L - 2 scrolls of fog
 M - 2 scrolls of identify
 U - 4 scrolls of fear
Potions
 f - 2 potions of mutation
 m - 5 potions of magic
 n - 6 potions of brilliance
 p - 18 potions of curing
 s - 2 potions of ambrosia
 t - a potion of cancellation
 u - a potion of invisibility
 C - 4 potions of agility
 R - 2 potions of berserk rage
 S - 6 potions of lignification
Miscellaneous
 b - 3 sacks of spiders
 i - a phial of floods
 y - the horn of Geryon
 z - a lightning rod (4/4)
 I - a lamp of fire
 K - 2 phantom mirrors
 X - 2 boxes of beasts
Comestibles
 d - 33 rations


   Skills:
 - Level 15.6 Fighting
 - Level 20.0 Axes
 - Level 11.8 Staves
 - Level 8.2 Armour
 - Level 14.0 Dodging
 - Level 14.5 Stealth
 - Level 3.8 Unarmed Combat
 - Level 11.4 Spellcasting
 - Level 3.0 Conjurations
   Level 7.0 Hexes
 - Level 6.5 Charms
 + Level 4.0 Necromancy
 - Level 20.3 Translocations
 + Level 10.9 Transmutations
 - Level 11.0 Air Magic
 - Level 11.1 Earth Magic
 - Level 7.2 Invocations
 - Level 6.6 Evocations


You had one spell level left.
You knew the following spells:

 Your Spells              Type           Power        Failure   Level  Hunger
a - Beastly Appendage     Tmut           ######       1%          1    None
b - Deflect Missiles      Chrm/Air       #####.....   22%         6    ######.
c - Blink                 Tloc           N/A          0%          2    None
d - Borgnjor's Vile Clut  Necr/Erth      #####.....   7%          5    ####...
e - Controlled Blink      Tloc           N/A          9%          8    #######
f - Statue Form           Tmut/Erth      ######...    10%         6    ######.
g - Apportation           Tloc           ######       0%          1    None
h - Summon Lightning Spi  Summ/Air       #####...     6%          4    #......
i - Necromutation         Tmut/Necr      #####.....   100%        8    #######
j - Irradiate             Conj/Tmut      #####.....   9%          5    ####...


Dungeon Overview and Level Annotations

Branches:
Dungeon (15/15)            Temple (1/1) D:6            Lair (6/6) D:10
  Swamp (4/4) Lair:2       Spider (4/4) Lair:2        Slime (5/5) Lair:5
    Orc (2/2) D:9             Elf (0/3) Orc:2        Vaults (5/5) D:14
  Crypt (3/3) Vaults:3       Tomb (1/3) Crypt:3      Depths (4/5) D:15
   Hell (1/1)                 Dis (0/7) Hell
    Geh: Hell:1         Coc: Hell:1         Tar: Hell:1

Altars:
Ashenzari
Cheibriados
Dithmenos
Elyvilon
Gozag
Hepliaklqana
Kikubaaqudgha
Makhleb
Nemelex Xobeh
Okawaru
Qazlal
Sif Muna
Trog
Xom
Zin
Jiyva

Shops:
D:6 [:=*:   D:8 *   D:10 }   D:11 %?*%   D:15 :*   Orc:2 *[!?   Vaults:5 (
Depths:3 =}=

Portals:
Hell: Depths:1 Depths:2 Depths:3 Depths:4
Abyss: Depths:4
Pandemonium: Depths:3

Annotations:
Slime:3 Dissolution


Innate Abilities, Weirdness & Mutations

You are resistant to damage.
You can heal yourself by infusing magical energy.
You resist negative energy. (rN+)
You passively map a large area around you.
You do not regenerate.
You are partially covered in large bone plates. (SH +4)
Armour fits poorly on your strangely shaped body.
Your body sometimes deteriorates upon taking damage.
You occasionally shout uncontrollably at your foes.


Message History

* * * LOW HITPOINT WARNING * * *
The balrug misses you.
You're too confused!
Unknown command.
Evoke which item? (* to show all) (? for menu, Esc to quit)
Okay, then.
Put on which piece of jewellery? (? for menu, Esc to quit)
Okay, then.
You're too confused to attack without stumbling around!
You're too confused to move!
The balrug hits you with a demon whip of venom!
* * * LOW HITPOINT WARNING * * *
You are engulfed in flames!
You resist.
* * * LOW HITPOINT WARNING * * *
The balrug completely misses you.
The ynoxinul gestures.
The balrug gestures at you. The bolt of fire hits you! You resist.
* * * LOW HITPOINT WARNING * * *
The balrug hits you with a demon whip of pain!
You die...

+ , ** *,
, * , ,,*
, , * .##
, * , , ,,
2.# , , ,
,+ , +5.#
, , , *
,,, ..# ,
, * , , *,
,, ,, 35 ,
, , , ##3#
, , * * ,*
.######22#
* ,,
..'...§8#
, ,,
..#######,
* , * , ,
, ** + * ,
,, ** , ,
* , , , ,
* * ** * +
,* , , ,,,
*, , ** ,
* * , , ,,
,,, * , ,
, ,,,+, ,
, , , ,+ ,
, , , *,
,,


You could see 3 balrugs, a soul eater, a ynoxinul and 2 ufetubi.

Vanquished Creatures
  A pandemonium lord (Pan)
  3 ancient liches
  Mara (Depths:3)
  A juggernaut (Slime:5)
  2 greater mummies (Tomb:1)
  A caustic shrike (shapeshifter) (Vaults:5)
  Xtahua (Depths:3)
  The ghost of mora the Peltast, a veteran GnFi of Cheibriados (Vaults:5)
  the Lernaean hydra (Swamp:4)
  4 golden dragons
  Geryon (Hell)
  A profane servitor (Crypt:3)
  Jory (Crypt:3)
  A pearl dragon (Zig:4)
  A bone dragon (Crypt:3)
  A hellephant (Abyss:2)
  2 electric golems (Zig:5)
  2 Ice Fiends
  A Hell Sentinel (Abyss:4)
  4 tentacled monstrosities
  7 liches
  2 quicksilver dragons (Vaults:5)
  A titan (Vaults:5)
  A quicksilver dragon (shapeshifter) (Vaults:5)
  7 sphinxes
  2 Executioners (Pan)
  Gastronok (D:8)
  Kirke (Spider:4)
  An ancient champion (Crypt:3)
  5 tentacled starspawn
  Frances (Swamp:1)
  2 shadow dragons (Vaults:5)
  21 acid blobs
  2 thorn hunters (Swamp:3)
  A storm dragon (Zig:5)
  2 tengu reavers
  5 azure jellies
  2 revenants
  5 fire giants
  4 frost giants
  2 nagarajas (Zig:7)
  4 deep elf sorcerers (Vaults:5)
  A draconian scorcher (Zig:6)
  11 vault wardens
  An iron dragon (Hell)
  A cacodemon (Pan)
  2 imperial myrmidons (Desolation)
  4 ghost moths (Spider:4)
  2 angels (Zig:4)
  2 emperor scorpions (Spider:4)
  14 very ugly things
  A draconian annihilator (Zig:6)
  2 ghouls
  4 reapers (Hell)
  2 blood saints (Pan)
  6 balrugs
  2 deep elf elementalists (Vaults:5)
  15 ironheart preservers
  2 war gargoyles
  6 vampire knights
  A green draconian (Zig:6)
  2 bennus (Tomb:1)
  16 stone giants
  2 ophanim
  4 entropy weavers
  A black draconian (Abyss:2)
  A corrupter (Pan)
  A purple draconian (Zig:1)
  2 deep elf demonologists
  2 spark wasps
  A black sun (Pan)
  2 halazid warlocks (Desolation)
  A yellow draconian (Zig:6)
  A deep elf annihilator (Zig:3)
  The ghost of dracomuter the Fighter, a journeyman CeHu of Lugonu (Lair:2)
  2 lorocyprocas
  4 blizzard demons
  A white draconian (Zig:6)
  6 death oozes
  6 ettins
  5 mummy priests
  3 eidola
  3 deep elf death magi
  4 crystal guardians
  7 yaktaur captains
  9 great orbs of eyes
  3 deep elf high priests (Vaults:5)
  3 fire dragons
  A rakshasa (Depths:2)
  16 jiangshi
  3 monstrous demonspawn (Pan)
  4 ragged hierophants (Desolation)
  7 servants of whispers
  18 hydras
  3 spriggan air magi
  27 vault guards (Vaults:5)
  6 ice dragons
  9 death knights
  2 naga warriors (Abyss:2)
  A catoblepas (D:13)
  6 peacekeepers (Desolation)
  A hell beast (Hell)
  55 two-headed ogres
  2 anacondas
  9 centaur warriors
  4 deep troll shamans (Depths:4)
  An alligator (Swamp:3)
  13 deep troll earth magi
  8 death scarabs (Tomb:1)
  3 death yaks (Lair:6)
  A satyr (shapeshifter) (Vaults:5)
  4 hell hogs
  17 ogre magi
  2 vampire magi
  3 orc high priests (Orc:2)
  The ghost of flt the Covert, a novice NaEn of Wu Jian (D:10)
  Urug (Orc:1)
  2 tengu warriors
  2 shock serpents (Zig:7)
  4 spriggan berserkers
  4 thrashing horrors
  9 sun demons
  10 hell knights
  A fire crab (Lair:6)
  5 soul eaters
  A storm dragon zombie (Zig:9)
  A salamander mystic (Zig:7)
  4 wretched stars
  5 deep elf knights
  A storm dragon skeleton (Hell)
  19 skeletal warriors
  6 sixfirhies
  A shadow wraith (Crypt:3)
  3 spriggan druids
  4 unseen horrors
  2 glowing orange brains
  5 swamp dragons
  A shambling mangrove (Swamp:2)
  27 starcursed masses
  9 flayed ghosts
  8 deep elf archers
  An infernal demonspawn (Depths:3)
  21 deep trolls
  A naga ritualist (Zig:7)
  An obsidian statue (Zig:1)
  An unseen horror (shapeshifter) (Vaults:3)
  6 wizards
  10 orc knights
  A golden dragon skeleton (Crypt:2)
  A stone giant zombie (Zig:9)
  14 ironbrand convokers
  6 necromancers
  2 shadow dragon zombies (Crypt:2)
  A wolf spider zombie (Crypt:2)
  14 phantasmal warriors
  A mana viper (shapeshifter) (Vaults:5)
  2 harpies (shapeshifter)
  37 wolf spiders
  16 orb spiders
  A fire giant zombie (Zig:8)
  9 deep elf magi
  6 cyclopes
  4 orc sorcerers
  A shining eye (Slime:5)
  A shadow dragon skeleton (Zig:9)
  2 salamanders
  A frost giant zombie (Vaults:4)
  A manticore (D:14)
  3 worldbinders
  An elephant (shapeshifter) (Lair:4)
  31 ugly things
  An ice statue (IceCv)
  3 apocalypse crabs
  An iron dragon skeleton (Abyss:4)
  10 elephants
  15 vault sentinels
  2 eyes of devastation
  4 guardian serpents
  A fire giant skeleton (Zig:8)
  2 moths of wrath
  2 stone giant skeletons
  A naga mage (Zig:7)
  A frost giant skeleton (Crypt:2)
  9 black mambas
  A molten gargoyle (Desolation)
  3 orange demons
  3 gargoyles
  5 rust devils
  19 large abominations
  10 smoke demons
  A hellion (Zig:9)
  A kobold demonologist (D:12)
  12 spiny frogs
  A tormentor (Depths:3)
  17 freezing wraiths
  2 tengu conjurers
  An alligator snapping turtle skeleton (Crypt:2)
  3 anaconda simulacra (IceCv)
  11 guardian mummies
  3 ice devils (IceCv)
  2 rime drakes
  5 ancient zymes
  A golden dragon simulacrum (IceCv)
  5 efreet
  17 demonic crawlers
  8 komodo dragons
  A hellwing (Pan)
  A hydra zombie (Hell)
  27 yaktaurs
  8 red devils (Hell)
  A meliai (Lair:2)
  A queen bee (Lair:2)
  A troll (shapeshifter) (Vaults:1)
  2 jumping spiders (shapeshifter)
  7 trolls
  3 polar bears
  3 tyrant leeches (Swamp:3)
  A queen bee (shapeshifter) (Depths:2)
  8 raiju
  A wolf spider simulacrum (Crypt:3)
  18 hornets
  32 jumping spiders
  63 slime creatures
  53 saltlings
  A hippogriff (shapeshifter) (Vaults:5)
  5 dream sheep
  2 dream sheep (shapeshifter)
  An alligator zombie (Hell)
  3 bog bodies
  9 blink frogs
  10 hippogriffs
  A spriggan zombie (Zig:8)
  An air elemental (Zig:5)
  An alligator skeleton (Crypt:2)
  7 spriggans
  5 shadows
  4 ynoxinuls
  A dire elephant simulacrum (Crypt:3)
  3 vampires
  49 redbacks
  18 tarantellas
  64 flying skulls
  29 yaks
  17 wraiths
  2 fire bats (shapeshifter)
  4 wyverns
  Menkaure (D:4)
  7 fire bats
  A steam dragon (shapeshifter) (D:10)
  7 ushabtiu
  Grum (D:8)
  3 hungry ghosts
  13 chaos spawn
  4 hogs (Spider:4)
  Edmund (D:4)
  7 basilisks
  4 neqoxecs
  2 death yak simulacra (IceCv)
  13 vampire mosquitoes
  4 wargs
  2 harpy simulacra (IceCv)
  A soldier ant (D:13)
  15 insubstantial wisps
  A naga (Zig:7)
  25 swamp worms
  2 acid dragons
  4 iron troll simulacra (IceCv)
  8 water moccasins
  A water nymph zombie (Crypt:2)
  5 hydra simulacra
  8 porcupines
  30 orc warriors
  12 hell hounds
  4 ice beasts
  4 sky beasts
  2 black bears
  9 swamp drakes
  An ettin simulacrum (IceCv)
  6 eyes of draining
  3 phantoms
  An ice dragon simulacrum (Hell)
  12 boggarts
  8 necrophages
  18 centaurs
  23 wolves
  A snapping turtle skeleton (Crypt:2)
  42 ogres
  A big kobold (D:12)
  12 crocodiles
  4 elf zombies
  A bullfrog (shapeshifter) (Vaults:5)
  13 bullfrogs
  Blork the orc (D:4)
  4 elf skeletons (D:4)
  A yaktaur skeleton (Crypt:1)
  A wyvern skeleton (D:13)
  2 scorpions
  A troll zombie (D:9)
  A water moccasin skeleton (D:6)
  10 small abominations
  5 killer bees (D:12)
  13 wights
  An elephant simulacrum (IceCv)
  A troll skeleton (Crypt:2)
  7 howler monkeys
  2 electric eels
  5 crimson imps
  A quasit (Abyss:2)
  2 bullfrog zombies
  3 draconian simulacra (IceCv)
  22 orc priests
  A centaur skeleton (D:4)
  7 hounds
  2 iron imps
  4 jellies
  2 bullfrog skeletons
  Jessica (D:3)
  7 hell rats (Lair:6)
  2 human skeletons
  3 iguanas
  4 troll simulacra (IceCv)
  28 orc wizards
  3 worker ants
  A spriggan simulacrum (IceCv)
  A polar bear simulacrum (IceCv)
  A wolf simulacrum (IceCv)
  8 ogre zombies
  2 tengu zombies
  2 centaur simulacra (IceCv)
  A human simulacrum (Crypt:2)
  An ogre skeleton (Hell)
  A hound skeleton (D:4)
  2 howler monkey zombies
  15 mummies
  2 worker ant zombies
  A gnoll (shapeshifter) (Vaults:5)
  5 gnolls (D:9)
  2 ogre simulacra (IceCv)
  5 adders
  2 shadow imps
  8 white imps (IceCv)
  8 ufetubi (IceCv)
  An ooze (D:6)
  3 adder zombies (Ossuary)
  A lava snake skeleton (Crypt:1)
  16 worms
  2 dart slugs
  3 leopard geckos
  74 orcs
  13 bats
  7 giant cockroaches
  6 goblins (D:1)
  6 hobgoblins
  12 jackals
  5 quokkas
  3 frilled lizards
  2 goblin skeletons (D:9)
  6 goblin zombies
  A hobgoblin skeleton (D:9)
  7 hobgoblin zombies
  A jackal skeleton (D:6)
  5 kobolds
  3 kobold zombies (Ossuary)
  2 leopard gecko skeletons (D:4)
  A leopard gecko zombie (D:6)
  3 orc skeletons (D:9)
  13 orc zombies (D:9)
  A quokka zombie (Ossuary)
  5 rats
  3 rat zombies (Ossuary)
  A fungus (Lair:2)
  5 plants
  6 starspawn tentacles
2271 creatures vanquished.

Vanquished Creatures (collateral kills)
  An Executioner (Pan)
  A thorn hunter (Swamp:4)
  A warmonger (Pan)
  A black sun (Pan)
  An ettin (Orc:2)
  3 hydras (Swamp:4)
  A catoblepas (Lair:6)
  A deep troll shaman (Lair:6)
  3 death yaks (Lair:6)
  An infernal demonspawn (Pan)
  A torturous demonspawn (Pan)
  A swamp dragon (Swamp:4)
  3 orc knights
  An orc sorcerer (Orc:2)
  An orb spider (Spider:4)
  4 shining eyes
  2 slime creatures
  2 wolf spiders (Spider:4)
  An elephant (Lair:6)
  A hellwing (Pan)
  A tarantella (Spider:4)
  A chaos spawn (Pan)
  A neqoxec (Pan)
  A warg (Orc:2)
  A swamp worm (Swamp:4)
  3 orc warriors (Orc:2)
  2 ogres (Orc:2)
  An eye of draining (Slime:4)
  An orc priest (Orc:2)
  Crazy Yiuf (D:2)
  An orc wizard (Orc:2)
  2 orcs (Orc:2)
  8 briar patches (Swamp:4)
  A fungus (Lair:6)
56 creatures vanquished.

Vanquished Creatures (others)
  A thorn hunter (Swamp:4)
  A very ugly thing (Vaults:5)
  A white draconian (Zig:6)
  A fire dragon (Abyss:5)
  An ogre mage (Vaults:4)
  An unseen horror (shapeshifter) (Vaults:4)
  An orb spider (Spider:3)
  A wolf spider (Spider:4)
  A torpor snail (Spider:2)
  A demonic crawler (Spider:2)
  An ice devil (IceCv)
  A hornet (Spider:4)
  A flying skull (Zig:9)
  A redback (Spider:4)
  A spriggan (Swamp:4)
  A tarantella (Spider:4)
  A ynoxinul (Pan)
  A human (Spider:4)
  A small abomination (Abyss:2)
  A spatial vortex (Abyss:5)
  2 ogres
  A white imp (IceCv)
  An ufetubus (IceCv)
  3 fungi (Lair:6)
  8 plants
  8 starspawn tentacles
  7 toadstools (Swamp:2)
50 creatures vanquished.

Grand Total: 2377 creatures vanquished

Notes
Turn   | Place    | Note
-------+----------+-------------------------------------------
     0 | D:1      | Lavandula the Deep Dwarf Transmuter began the quest for the Orb.
     0 | D:1      | Reached XP level 1. HP: 16/16 MP: 3/3
   121 | D:1      | Reached XP level 2. HP: 12/24 MP: 2/4
   287 | D:3      | Learned a level 2 spell: Sticks to Snakes
   474 | D:2      | Reached XP level 3. HP: 21/30 MP: 3/5
   529 | D:2      | Found a runed door.
   557 | D:2      | Noticed Crazy Yiuf
   576 | D:2      | Killed Crazy Yiuf
   576 | D:2      | Reached skill level 1 in Fighting
   760 | D:2      | Found a snail-covered altar of Cheibriados.
   760 | D:2      | Found a white marble altar of Elyvilon.
   881 | D:3      | Noticed Jessica
   898 | D:3      | Killed Jessica
   898 | D:3      | Reached skill level 1 in Staves
   898 | D:3      | Reached XP level 4. HP: 37/39 MP: 5/5
  1227 | D:3      | Reached XP level 5. HP: 32/45 MP: 6/6
  1383 | D:4      | Noticed Blork the orc
  1390 | D:4      | Killed Blork the orc
  1401 | D:4      | Reached XP level 6. HP: 50/52 MP: 7/7
  1438 | D:4      | Noticed Edmund
  1460 | D:4      | Killed Edmund
  1460 | D:4      | Reached skill level 5 in Staves
  1534 | D:4      | Reached XP level 7. HP: 51/58 MP: 8/8
  1539 | D:4      | Found a sand-covered staircase.
  1551 | Ossuary  | Entered an ossuary
  1850 | D:4      | Noticed Menkaure
  1856 | D:4      | Killed Menkaure
  1856 | D:4      | Reached XP level 8. HP: 32/67 MP: 6/8
  2112 | D:5      | Entered Level 5 of the Dungeon
  2203 | D:5      | Got a faintly glowing leather armour
  2227 | D:5      | Identified the +1 leather armour "Hulinwur" {Dex+8} (You found it on level 5 of the Dungeon)
  2299 | D:6      | Found Tihyfaunt's Book Shoppe.
  2305 | D:6      | Found Jaromum's Jewellery Emporium.
  2307 | D:6      | Bought a book of Minor Magic for 240 gold pieces
  2310 | D:6      | Learned a level 2 spell: Blink
  2366 | D:6      | Found a sparkling altar of Nemelex Xobeh.
  2410 | D:6      | Found Voomp's Assorted Antiques.
  2458 | D:6      | Found Geah's Book Shop.
  2495 | D:6      | Reached skill level 10 in Staves
  2500 | D:6      | Found a staircase to the Ecumenical Temple.
  2507 | Temple   | Entered the Ecumenical Temple
  2563 | Temple   | Became a worshipper of Makhleb the Destroyer
  2611 | D:6      | Gained mutation: You passively map the area around you. [Deep Dwarf growth]
  2611 | D:6      | Reached XP level 9. HP: 50/73 MP: 8/8
  2615 | D:6      | Found a shattered altar of Ashenzari.
  2689 | D:6      | Found Ithawn's Armour Shop.
  2760 | D:6      | Found an iron altar of Okawaru.
  2835 | D:6      | Found a glowing silver altar of Zin.
  3049 | D:5      | Found a bloodstained altar of Trog.
  3351 | D:7      | Noticed a two-headed ogre
  3359 | D:7      | Killed a two-headed ogre
  3453 | D:7      | Reached skill level 1 in Evocations
  3630 | D:8      | Reached * piety under Makhleb
  3639 | D:8      | Noticed Grum
  3643 | D:8      | Reached skill level 5 in Evocations
  3660 | D:8      | Killed Grum
  3800 | D:8      | Reached XP level 10. HP: 54/84 MP: 8/8
  3897 | D:8      | Found a deep blue altar of Sif Muna.
  4066 | D:8      | Found an opulent altar of Gozag.
  4066 | D:8      | Found Gozag's Platinum Reserve.
  4099 | D:8      | Noticed Gastronok
  4114 | D:8      | Killed Gastronok
  4313 | D:9      | Reached ** piety under Makhleb
  4339 | D:9      | Found a staircase to the Orcish Mines.
  4511 | Orc:1    | Entered Level 1 of the Orcish Mines
  4517 | Orc:1    | Reached skill level 1 in Invocations
  4542 | Orc:1    | Noticed Urug
  4564 | Orc:1    | Killed Urug
  4564 | Orc:1    | Reached XP level 11. HP: 73/103 MP: 1/9
  4569 | Orc:1    | Reached *** piety under Makhleb
  4669 | Orc:1    | Noticed a two-headed ogre
  4669 | Orc:1    | Noticed a two-headed ogre
  4671 | Orc:1    | Noticed a two-headed ogre
  4680 | Orc:1    | Killed a two-headed ogre
  4683 | Orc:1    | Killed a two-headed ogre
  4687 | Orc:1    | Noticed an ogre mage
  4688 | Orc:1    | Noticed a two-headed ogre
  4693 | Orc:1    | Killed an ogre mage
  4694 | Orc:1    | Noticed a two-headed ogre
  4706 | Orc:1    | Killed a two-headed ogre
  4706 | Orc:1    | Reached skill level 5 in Dodging
  4707 | Orc:1    | Killed a two-headed ogre
  4710 | Orc:1    | Killed a two-headed ogre
  4797 | Orc:2    | Entered Level 2 of the Orcish Mines
  4860 | Orc:2    | Noticed an ettin
  4871 | Orc:2    | Killed an ettin
  4908 | Orc:2    | Found a staircase to the Elven Halls.
  5004 | Orc:2    | Noticed an orc high priest
  5004 | Orc:2    | Noticed an orc high priest
  5004 | Orc:2    | Noticed an orc high priest
  5005 | Orc:2    | Noticed an orc knight
  5005 | Orc:2    | Noticed an orc knight
  5006 | Orc:2    | Noticed an orc sorcerer
  5006 | Orc:2    | Noticed an orc sorcerer
  5006 | Orc:2    | Noticed an orc knight
  5007 | Orc:2    | Killed an orc high priest
  5008 | Orc:2    | Noticed an orc sorcerer
  5008 | Orc:2    | Killed an orc high priest
  5009 | Orc:2    | Noticed a sixfirhy
  5011 | Orc:2    | Noticed a soul eater
  5012 | Orc:2    | Noticed an orc sorcerer
  5090 | Orc:1    | Killed an orc knight
  5235 | Orc:2    | Noticed an orc knight
  5240 | Orc:2    | Reached XP level 12. HP: 86/116 MP: 10/10
  5263 | Orc:2    | Reached skill level 10 in Fighting
  5377 | Orc:2    | Killed an orc high priest
  5608 | Orc:2    | Found Zezxasum's Magic Scroll Shop.
  5608 | Orc:2    | Found Cunla's Assorted Antiques.
  5609 | Orc:2    | Found Hunudom's Antique Armour Emporium.
  5620 | Orc:2    | Found Gaobalal's Distillery.
  5622 | Orc:2    | Bought a scroll of noise for 12 gold pieces
  5624 | Orc:2    | Bought a potion of heal wounds for 80 gold pieces
  5634 | Orc:2    | Bought a scroll labeled FUISASAXOLL for 20 gold pieces
  5634 | Orc:2    | Bought a sharpened bone wand for 80 gold pieces
  5634 | Orc:2    | Bought a smoky dark potion for 18 gold pieces
  5634 | Orc:2    | Bought a blackened zirconium amulet for 100 gold pieces
  5634 | Orc:2    | Bought a bronze wand for 80 gold pieces
  5635 | Orc:2    | Bought a crude ring mail for 180 gold pieces
  5645 | Orc:2    | Identified the +2 ring mail of the Insatiable Lives {rElec rCorr Str+3} (You bought it in a shop on level 2 of the Orcish Mines)
  5651 | Orc:2    | Bought a scroll of teleportation for 60 gold pieces
  5651 | Orc:2    | Bought a coral ring for 100 gold pieces
  5665 | Orc:2    | Bought 2 potions of lignification for 96 gold pieces
  5665 | Orc:2    | Bought a potion of agility for 64 gold pieces
  5665 | Orc:2    | Bought a potion of brilliance for 64 gold pieces
  5665 | Orc:2    | Bought a potion of haste for 160 gold pieces
  5825 | D:9      | Reached skill level 1 in Armour
  5968 | D:10     | Entered Level 10 of the Dungeon
  5999 | D:10     | Noticed a two-headed ogre
  6002 | D:10     | Noticed an anaconda
  6002 | D:10     | a two-headed ogre changed into an anaconda
  6015 | D:10     | Killed an anaconda
  6089 | D:10     | Noticed flt's ghost (novice NaEn)
  6140 | D:10     | Killed flt's ghost
  6140 | D:10     | Reached skill level 5 in Armour
  6147 | D:10     | Reached **** piety under Makhleb
  6196 | D:11     | Found Ykoa's Food Shop.
  6353 | D:10     | Found a staircase to the Lair.
  6360 | Lair:1   | Entered Level 1 of the Lair of Beasts
  6670 | Lair:2   | Reached skill level 1 in Axes
  6748 | Lair:2   | Found a staircase to the Swamp.
  6914 | Lair:4   | Reached XP level 13. HP: 110/127 MP: 11/11
  6978 | Lair:4   | Reached skill level 5 in Axes
  7051 | Lair:4   | Got a pitted flail
  7052 | Lair:4   | Identified the +4 flail of Imbalance {crush, Dex+4} (You found it on level 4 of the Lair of Beasts)
  7179 | Lair:5   | Found a viscous altar of Jiyva.
  7179 | Lair:5   | Found a staircase to the Slime Pits.
  7193 | Lair:5   | Reached ***** piety under Makhleb
  7425 | Lair:6   | Entered Level 6 of the Lair of Beasts
  7601 | Lair:6   | Reached skill level 10 in Axes
  8246 | Lair:6   | Gained mutation: You resist negative energy. (rN+) [Deep Dwarf growth]
  8246 | Lair:6   | Reached XP level 14. HP: 119/135 MP: 10/10
  9148 | Lair:2   | Found a hole to the Spider Nest.
  9260 | Lair:2   | Noticed dracomuter's ghost (journeyman CeHu)
  9278 | Lair:2   | Killed dracomuter's ghost
  9335 | Swamp:1  | Entered Level 1 of the Swamp
  9383 | Swamp:1  | Found a frozen archway.
  9392 | IceCv    | Entered an ice cave
  9558 | IceCv    | Reached ****** piety under Makhleb
  9673 | IceCv    | Learned a level 5 spell: Borgnjor's Vile Clutch
  9849 | IceCv    | Noticed an Ice Fiend
  9878 | IceCv    | Killed an Ice Fiend
  9878 | IceCv    | Reached skill level 15 in Axes
  9964 | IceCv    | Got a twisted scale mail
  9975 | IceCv    | Identified the +2 scale mail of the Hippo {MP+9} (You found it in an ice cave)
  9986 | IceCv    | Identified the Catalogue of the Armadillo
 10015 | IceCv    | Got a pair of translucent gloves
 10021 | IceCv    | Identified the cursed +0 pair of gloves of Wrong Decisions {-Tele Str+2 Stlth+} (You found it in an ice cave)
 10153 | Swamp:2  | Paralysed by a hornet for 3 turns
 10237 | Swamp:3  | Noticed a thorn hunter
 10249 | Swamp:3  | Killed a thorn hunter
 10288 | Swamp:4  | Entered Level 4 of the Swamp
 10288 | Swamp:4  | Noticed a thorn hunter
 10307 | Swamp:3  | Killed a thorn hunter
 10364 | Swamp:3  | Gained mutation: You are somewhat resistant to further mutation. [potion of mutation]
 10404 | Swamp:3  | Reached skill level 1 in Earth Magic
 10471 | Swamp:3  | Reached skill level 1 in Necromancy
 10586 | Swamp:3  | Learned a level 2 spell: Corpse Rot
 10601 | Swamp:4  | Noticed a thorn hunter
 10643 | Swamp:4  | Killed a thorn hunter
 10643 | Swamp:4  | Reached XP level 15. HP: 63/142 MP: 8/8
 10881 | Swamp:3  | Reached skill level 1 in Translocations
 11243 | Swamp:4  | Reached skill level 5 in Spellcasting
 11354 | Swamp:4  | Noticed the 27-headed Lernaean hydra
 11378 | Swamp:4  | Killed the 26-headed Lernaean hydra
 11411 | Swamp:4  | Noticed a thorn hunter
 11420 | Swamp:4  | Killed a thorn hunter
 11420 | Swamp:4  | Reached skill level 5 in Earth Magic
 11468 | Swamp:4  | Got a decaying rune of Zot
 11594 | Swamp:1  | Noticed Frances
 11605 | Swamp:1  | Killed Frances
 11970 | D:6      | Bought a book of the Earth for 715 gold pieces
 11977 | D:6      | Learned a level 6 spell: Statue Form
 11977 | D:6      | Bought a book of Cantrips for 220 gold pieces
 11979 | D:6      | Learned a level 1 spell: Apportation
 12233 | Spider:1 | Entered Level 1 of the Spider Nest
 12502 | Spider:2 | Reached skill level 10 in Earth Magic
 12505 | Spider:2 | Reached XP level 16. HP: 119/151 MP: 14/14
 13100 | Spider:1 | Reached skill level 5 in Transmutations
 13438 | Spider:4 | Entered Level 4 of the Spider Nest
 13438 | Spider:4 | Noticed Kirke
 13444 | Spider:4 | Noticed a sphinx
 13455 | Spider:4 | Killed Kirke
 13762 | Spider:4 | Reached XP level 17. HP: 157/157 MP: 0/14
 13780 | Spider:4 | Got a gossamer rune of Zot
 14099 | D:6      | Bought a glowing battleaxe for 285 gold pieces
 14457 | D:10     | Found Pulieqo's Gadget Shop.
 14549 | D:11     | Found Utsok's Assorted Antiques.
 14586 | D:11     | Found Zupit's Food Shoppe.
 14637 | D:11     | Found Ubichaus's Magic Scroll Shoppe.
 14654 | D:11     | Bought a scroll of blinking for 112 gold pieces
 15434 | D:14     | Found an opulent altar of Gozag.
 15449 | D:14     | Found a hazy altar of Hepliaklqana.
 15450 | D:14     | Found a runed door.
 15489 | D:14     | Identified the Incunabulum of Nocuous Changing
 15495 | D:14     | Found a glowing silver altar of Zin.
 15533 | D:14     | Found a shimmering altar of Xom.
 15639 | D:14     | Found a gate to the Vaults.
 15651 | Vaults:1 | Entered Level 1 of the Vaults
 16317 | Vaults:2 | Gained mutation: You passively map a large area around you. [Deep Dwarf growth]
 16317 | Vaults:2 | Reached XP level 18. HP: 165/165 MP: 15/15
 16413 | Vaults:2 | Reached skill level 10 in Dodging
 16900 | Vaults:4 | Found a ruined gateway.
 16906 | Desolati | Entered the Desolation of Salt
 17043 | Desolati | Identified the ring of Redoschy {Str+5 Dex+3} (You found it in the Desolation of Salt)
 17044 | Desolati | Identified Kexuun's Papyrus of Excruciating Creation
 17046 | Desolati | Identified Poatrilo's Lost Secrets of Rites and Rhymes
 17097 | Desolati | Identified the ring "Jecuk" {*Drain Str+7 Slay+2 Stlth+} (You found it in the Desolation of Salt)
 17099 | Desolati | Identified the cursed +1 ring mail of Fotaow {rF+ rN+ Stlth+} (You found it in the Desolation of Salt)
 17152 | Desolati | Identified Sif Muna's Grimoire of Boosting Cold
 17165 | Desolati | Learned a level 6 spell: Deflect Missiles
 17166 | Desolati | Identified the Volume of the Icy Blaze
 17176 | Desolati | Got a fine tin amulet
 17177 | Desolati | Identified the amulet of Eback {RegenMP Dex+3} (You found it in the Desolation of Salt)
 17181 | Desolati | Identified Sif Muna's Grimoire of Harmful Black Rituals
 17203 | Desolati | Reached skill level 1 in Charms
 17208 | Desolati | Reached skill level 1 in Air Magic
 17430 | Vaults:3 | Found a staircase to the Crypt.
 17448 | Crypt:1  | Entered Level 1 of the Crypt
 17539 | Crypt:1  | Reached XP level 19. HP: 172/172 MP: 9/16
 17821 | Crypt:3  | Entered Level 3 of the Crypt
 17847 | Crypt:3  | Reached skill level 5 in Air Magic
 17902 | Crypt:3  | Reached skill level 5 in Charms
 17922 | Crypt:3  | Found an ancient bone altar of Kikubaaqudgha.
 18096 | Crypt:3  | Identified Othruddysa's Volume of Dark Secrets
 18125 | Crypt:3  | Noticed Jory
 18140 | Crypt:3  | Killed Jory
 18212 | Crypt:3  | Got a heavily runed bronze ring
 18212 | Crypt:3  | Got a steaming steel ring
 18214 | Crypt:3  | Identified the ring "Typevup" {rN+ Int+6} (You found it on level 3 of the Crypt)
 18217 | Crypt:3  | Identified the ring of Propriety {+Blink rN+ Int+10 Stlth-} (You found it on level 3 of the Crypt)
 18219 | Crypt:3  | Got a slimy ring mail
 18230 | Crypt:3  | Identified the +5 ring mail of the Present {rPois MR+ Dex+3} (You found it on level 3 of the Crypt)
 18271 | Crypt:3  | Noticed a profane servitor
 18323 | Crypt:3  | Killed a profane servitor
 18339 | Crypt:3  | Noticed a bone dragon
 18356 | Crypt:3  | Killed a bone dragon
 18426 | Crypt:3  | Learned a level 4 spell: Summon Lightning Spire
 18432 | Crypt:3  | Learned a level 5 spell: Silence
 18470 | Crypt:3  | Found a staircase to the Tomb.
 18470 | Crypt:3  | Noticed an ancient lich
 18488 | Crypt:3  | Killed an ancient lich
 18488 | Crypt:3  | Reached XP level 20. HP: 181/181 MP: 9/19
 18537 | Tomb:1   | Entered Level 1 of the Tomb of the Ancients
 18704 | Tomb:1   | Reached skill level 5 in Hexes
 18707 | Tomb:1   | Noticed a greater mummy
 18721 | Tomb:1   | Killed a greater mummy
 18741 | Tomb:1   | Noticed a greater mummy
 18751 | Tomb:1   | Killed a greater mummy
 19440 | Vaults:5 | Entered Level 5 of the Vaults
 19454 | Vaults:5 | Reached skill level 10 in Spellcasting
 19494 | Vaults:5 | Reached XP level 21. HP: 186/186 MP: 23/23
 19507 | Vaults:5 | Noticed mora's ghost (veteran GnFi)
 19547 | Vaults:5 | Noticed a golden dragon
 19556 | Vaults:5 | Killed mora's ghost
 19567 | Vaults:5 | Killed a golden dragon
 19578 | Vaults:5 | Noticed a golden dragon
 19585 | Vaults:5 | Noticed a golden dragon
 19585 | Vaults:5 | Noticed a caustic shrike
 19585 | Vaults:5 | a golden dragon changed into a caustic shrike
 19589 | Vaults:5 | Killed a caustic shrike
 19599 | Vaults:5 | Noticed a golden dragon
 19599 | Vaults:5 | an alligator snapping turtle changed into a golden dragon
 19602 | Vaults:5 | a golden dragon changed into an iron giant
 19641 | Vaults:5 | Killed a golden dragon
 19673 | Vaults:5 | Reached skill level 15 in Fighting
 19763 | Vaults:5 | Got a heavily jewelled robe
 19825 | Vaults:5 | Identified the +4 robe of the Duchess {Int+5 Dex+3 SInv} (You took it off a yaktaur captain on level 5 of the Vaults)
 19845 | Vaults:5 | Learned a level 8 spell: Controlled Blink
 19866 | Vaults:5 | Got a silver rune of Zot
 19948 | Vaults:5 | Reached skill level 5 in Translocations
 20022 | Vaults:5 | Reached XP level 22. HP: 174/209 MP: 8/24
 20058 | Vaults:5 | Noticed a golden dragon
 20066 | Vaults:5 | Noticed an ancient lich
 20082 | Vaults:5 | Killed an ancient lich
 20087 | Vaults:5 | Killed a golden dragon
 20146 | Vaults:5 | Found Lets's Antique Weapon Shop.
 20174 | Vaults:5 | Bought a dazzling hand axe for 312 gold pieces
 20174 | Vaults:5 | Identified the +11 hand axe of Ohyg Hou {venom, MR+ Dex+3} (You bought it in a shop on level 5 of the Vaults)
 20178 | Vaults:5 | Bought a slimy hand axe for 312 gold pieces
 20178 | Vaults:5 | Identified the +10 hand axe of Incongruity {pain, rElec Int+5} (You bought it in a shop on level 5 of the Vaults)
 20531 | Vaults:3 | Reached skill level 10 in Translocations
 20984 | Orc:2    | Bought a scroll of acquirement for 624 gold pieces
 20985 | Orc:2    | Got an ichor-stained lajatang
 20986 | Orc:2    | Identified the +6 lajatang of Destiny {drain, *Corrode +Inv rN++ Dex+2} (You acquired it on level 2 of the Orcish Mines)
 20989 | Orc:2    | Bought a scroll of enchant weapon for 90 gold pieces
 21116 | D:11     | Bought a scroll of enchant weapon for 112 gold pieces
 21202 | D:6      | Bought an uncursed ring of resist corrosion for 280 gold pieces
 21228 | D:6      | Bought a book of Party Tricks for 550 gold pieces
 21474 | Slime:1  | Entered Level 1 of the Pits of Slime
 21546 | Slime:2  | Gained mutation: Scrolls take you a little longer to read. [a shining eye]
 21676 | Slime:3  | Noticed Dissolution
 21797 | Slime:5  | Entered Level 5 of the Pits of Slime
 21816 | Slime:5  | Reached skill level 10 in Air Magic
 21903 | Slime:5  | Noticed the Royal Jelly
 21929 | Slime:5  | Noticed a juggernaut shaped Royal Jelly
 21929 | Slime:5  | the Royal Jelly changed into a juggernaut shaped Royal Jelly
 21974 | Slime:5  | Found a viscous altar of Jiyva.
 22330 | Slime:5  | Killed a juggernaut shaped Royal Jelly
 22346 | Slime:5  | Learned a level 5 spell: Irradiate
 22458 | Slime:5  | Got a slimy rune of Zot
 22660 | Lair:1   | Lost mutation: You are somewhat resistant to further mutation. [potion of mutation]
 22660 | Lair:1   | Lost mutation: Scrolls take you a little longer to read. [potion of mutation]
 22660 | Lair:1   | Gained mutation: You are partially covered in large bone plates. (SH +4) [potion of mutation]
 22660 | Lair:1   | Gained mutation: Your body sometimes deteriorates upon taking damage. [potion of mutation]
 22660 | Lair:1   | Gained mutation: You are robust. (+10% HP) [potion of mutation]
 22660 | Lair:1   | Gained mutation: You are partially covered in icy blue scales. (AC +2) [potion of mutation]
 22776 | D:11     | Bought a scroll of teleportation for 45 gold pieces
 22791 | D:11     | Bought 2 potions of magic for 416 gold pieces
 22867 | D:15     | Entered Level 15 of the Dungeon
 22889 | D:15     | Found a staircase to the Depths.
 22893 | D:15     | Reached skill level 1 in Conjurations
 22983 | D:15     | Found Ywileth's Blood Bar.
 23064 | D:15     | Found Paloozok's Book Boutique.
 23123 | Depths:1 | Entered Level 1 of the Depths
 23216 | Depths:2 | Reached XP level 23. HP: 239/239 MP: 14/22
 23219 | Depths:2 | Found a flickering gateway to a bazaar.
 23326 | Bazaar   | Entered a bazaar
 23326 | Bazaar   | Found Hap Owus's Antique Weapon Shoppe.
 23326 | Bazaar   | Found Silempyo's Book Emporium.
 23330 | Bazaar   | Found Qiwnu's Book Shoppe.
 23344 | Bazaar   | Found Fetivukk's Distillery.
 23352 | Bazaar   | Bought a potion of haste for 140 gold pieces
 23352 | Bazaar   | Bought a potion of resistance for 140 gold pieces
 23352 | Bazaar   | Bought a potion of curing for 42 gold pieces
 23379 | Depths:2 | Found the +6 shillelagh "Devastator" {shatter}
 23540 | Depths:2 | Found a gateway to Hell.
 23554 | Hell     | Entered the Vestibule of Hell
 23554 | Hell     | Noticed Geryon
 23566 | Hell     | Killed Geryon
 23703 | Hell     | Found a gateway to the Iron City of Dis.
 23878 | Depths:3 | Noticed Mara
 23879 | Depths:3 | Found Uzubufo's Jewellery Shoppe.
 23880 | Depths:3 | Noticed Lavandula's illusion
 23888 | Depths:3 | Noticed Xtahua
 23922 | Depths:3 | Noticed Lavandula's illusion
 24152 | Depths:4 | Reached skill level 15 in Translocations
 24266 | Depths:4 | Found a one-way gate to the infinite horrors of the Abyss.
 24419 | Depths:4 | Identified the +0 leather armour of Cowardice {rPois SInv} (You found it on level 4 of the Depths)
 24526 | Depths:4 | Found a gateway to a ziggurat.
 24548 | Zig:1    | Entered Level 1 of a ziggurat
 24569 | Zig:2    | Entered Level 2 of a ziggurat
 24588 | Zig:2    | Identified the amulet "Yghouh" {rElec rF+ rN+ Regen+} (You found it on level 2 of a ziggurat)
 24592 | Zig:3    | Entered Level 3 of a ziggurat
 24611 | Zig:3    | Identified Dotipe's Reference Book on the Mountains and Confrontation
 24620 | Zig:4    | Entered Level 4 of a ziggurat
 24708 | Zig:5    | Entered Level 5 of a ziggurat
 24731 | Zig:5    | Reached XP level 24. HP: 248/248 MP: 21/22
 24754 | Zig:6    | Entered Level 6 of a ziggurat
 24781 | Zig:6    | Reached XP level 25. HP: 257/257 MP: 22/22
 24783 | Zig:6    | Identified the cursed ring "Ipsokus" {rPois rF+ MR+ AC-2} (You found it on level 6 of a ziggurat)
 24787 | Zig:6    | Identified Wizardry Continued
 24794 | Zig:7    | Entered Level 7 of a ziggurat
 24802 | Zig:7    | Found the +3 robe of Clouds {+Fly rElec}
 24832 | Zig:7    | Identified the amulet of Furanul {Reflect Str+3 SH+4} (You found it on level 7 of a ziggurat)
 24861 | Zig:8    | Entered Level 8 of a ziggurat
 24892 | Zig:8    | Found the +4 dagger "Morg" {pain, MR+ Int+5}
 24922 | Zig:8    | Got a brightly glowing marble ring
 24923 | Zig:8    | Identified the ring of Awe {-Tele rElec MP+9 Dex+4 Slay+2} (You found it on level 8 of a ziggurat)
 24934 | Zig:9    | Entered Level 9 of a ziggurat
 25210 | Depths:3 | Noticed Lavandula's illusion
 25212 | Depths:3 | Killed Mara
 25246 | Depths:3 | Killed Xtahua
 25255 | Depths:3 | Found a one-way gate leading to the halls of Pandemonium.
 25283 | Depths:3 | Found Plog's Jewellery Shoppe.
 25285 | Depths:3 | Found Ebaikkua's Gadget Boutique.
 25545 | Pan      | Entered Pandemonium
 25568 | Pan      | Noticed Hutan the pandemonium lord
 25584 | Pan      | Killed Hutan the pandemonium lord
 25584 | Pan      | Reached skill level 10 in Transmutations
 25647 | Pan      | Lost mutation: You are robust. (+10% HP) [a neqoxec]
 25651 | Pan      | Gained mutation: You occasionally shout uncontrollably at your foes. [a neqoxec]
 25670 | Pan      | Gained mutation: Armour fits poorly on your strangely shaped body. [a cacodemon]
 25679 | Pan      | Noticed Hacveepn the pandemonium lord
 25697 | Pan      | Reached skill level 5 in Stealth
 25702 | Pan      | Lost mutation: You are partially covered in icy blue scales. (AC +2) [a cacodemon]
 25745 | Pan      | Learned a level 8 spell: Necromutation
 25768 | Pan      | Found an exit through the horrors of the Abyss.
 25773 | Pan      | Took an exit into the Abyss.
 25773 | Abyss:1  | Escaped into the Abyss
 25774 | Abyss:1  | Found a corrupted altar of Lugonu.
 26188 | Abyss:2  | Reached skill level 10 in Stealth
 26241 | Abyss:2  | Identified the amulet "Uckuviwk" {Inacc rPois Dex+3} (You found it on level 2 of the Abyss)
 26579 | Abyss:4  | Reached XP level 26. HP: 242/242 MP: 21/21
 26598 | Abyss:4  | Found a corrupted altar of Lugonu.
 26777 | Abyss:5  | Entered Level 5 of the Abyss
 26857 | Abyss:5  | Noticed an ancient lich
 26870 | Abyss:5  | Killed an ancient lich
 26872 | Abyss:5  | Got an abyssal rune of Zot
 26874 | Depths:3 | Escaped the Abyss
 26878 | Pan      | Entered Pandemonium
 26889 | Pan      | Found a runed door.
 26978 | Pan      | Noticed Jyodgh the pandemonium lord
 27003 | Pan      | HP: 1/314 [balrug/bolt of fire (20)]
 27003 | Pan      | Mangled by a balrug

Skill      XL: |  1  2  3  4  5  6  7  8  9 10 11 12 13 14 15 16 17 18 19 20 21 22 23 24 25 26 |
---------------+-------------------------------------------------------------------------------+-----
Unarmed Combat | 3 |  3.8
Fighting       | 1 3 7 9 11 15 | 15.6
Staves         | 1 2 4 6 7 10 11 | 11.8
Evocations     | 6 |  6.6
Invocations    | 3 7 |  7.2
Dodging        | 7 8 14 | 14.0
Armour         | 7 8 |  8.2
Axes           | 4 12 15 16 20 | 20.0
Earth Magic    | 3 10 11 | 11.1
Necromancy     | 3 4 |  4.0
Spellcasting   | 7 8 11 | 11.4
Translocations | 4 5 11 17 18 20 | 20.3
Transmutations | 9 10 | 10.9
Charms         | 3 6 |  6.5
Air Magic      | 2 7 8 11 | 11.0
Hexes          | 3 7 |  7.0
Conjurations   | 3 |  3.0
Stealth        | 12 14 | 14.5

Action                   |  1- 3 |  4- 6 |  7- 9 | 10-12 | 13-15 | 16-18 | 19-21 | 22-24 | 25-27 || total
-------------------------+-------+-------+-------+-------+-------+-------+-------+-------+-------++-------
Melee: Unarmed           |    77 |       |       |       |       |     8 |       |       |       ||    85
       Kick              |    14 |       |     2 |     6 |       |       |       |       |       ||    22
       Quarterstaff      |    18 |    95 |   342 |   688 |   767 |     9 |       |       |       ||  1919
       Punch             |     1 |       |       |       |       |       |       |       |       ||     1
       Headbutt          |       |       |     1 |     6 |    98 |     6 |       |       |       ||   111
       Battleaxe         |       |       |       |       |   550 |  1094 |   905 |   795 |   706 ||  4050
Throw: Tomahawk          |       |       |       |     1 |       |       |       |       |       ||     1
       Javelin           |       |       |       |     3 |    18 |     7 |       |       |       ||    28
 Cast: Beastly Appendage |    15 |     1 |     4 |     6 |    36 |     3 |       |       |       ||    65
       Sticks to Snakes  |     3 |       |       |     6 |     1 |       |       |       |       ||    10
       Blink             |       |       |       |     1 |    13 |    13 |     4 |    15 |    14 ||    60
       Borgnjor's Vile C |       |       |       |       |     1 |     1 |       |     1 |     1 ||     4
       Statue Form       |       |       |       |       |       |    44 |    28 |    41 |    22 ||   135
       Apportation       |       |       |       |       |       |       |    42 |    17 |    20 ||    79
       Deflect Missiles  |       |       |       |       |       |       |     6 |    15 |     4 ||    25
       Silence           |       |       |       |       |       |       |     1 |       |       ||     1
       Summon Lightning  |       |       |       |       |       |       |       |     5 |       ||     5
       Controlled Blink  |       |       |       |       |       |       |       |     1 |     3 ||     4
       Irradiate         |       |       |       |       |       |       |       |       |     1 ||     1
Invok: Lesser Servant of |       |       |       |    20 |     7 |       |     1 |     2 |       ||    30
       Major Destruction |       |       |       |       |     1 |     1 |       |       |       ||     2
       Greater Servant o |       |       |       |       |     2 |     1 |       |     5 |     5 ||    13
       Minor Destruction |       |       |       |       |       |     1 |       |       |       ||     1
 Abil: Heal Wounds       |     4 |     2 |    10 |    10 |    14 |     4 |       |    14 |     5 ||    63
       End Transformatio |       |       |       |       |       |       |     1 |     2 |       ||     3
Evoke: Wand              |       |       |       |    22 |    48 |     9 |       |    16 |     4 ||    99
       Phial of floods   |       |       |       |       |     2 |       |       |     2 |       ||     4
       Lightning rod     |       |       |       |       |     6 |     8 |       |       |       ||    14
       Lamp of fire      |       |       |       |       |     2 |     3 |     3 |     2 |     1 ||    11
       Box of beasts     |       |       |       |       |       |       |     1 |       |       ||     1
       Horn of Geryon    |       |       |       |       |       |       |       |       |     1 ||     1
  Use: Scroll            |     5 |     4 |     7 |     8 |    14 |    12 |     3 |    31 |    22 ||   106
       Potion            |       |       |     2 |     2 |    10 |     5 |     5 |    14 |     5 ||    43
 Stab: Sleeping          |     1 |       |       |       |       |       |       |       |     2 ||     3
       Confused          |       |     1 |     1 |     3 |     1 |       |       |       |       ||     6
       Paralysed         |       |     5 |       |    11 |    25 |       |       |     5 |     1 ||    47
       Petrifying        |       |       |       |     6 |     1 |       |       |       |       ||     7
       Petrified         |       |       |       |     5 |    11 |       |       |       |     1 ||    17
       Distracted        |       |       |       |     3 |     4 |     1 |     1 |     2 |     2 ||    13
  Eat: Chunk             |       |     3 |     9 |    10 |    15 |    18 |     6 |    16 |     3 ||    80
       Ration            |       |       |       |     1 |     2 |     8 |     6 |     8 |     5 ||    30
Armor: Robe              |    18 |    30 |    33 |       |       |       |       |       |       ||    81
       Leather armour    |       |       |    56 |    37 |       |       |       |       |       ||    93
       Skin              |       |       |     1 |       |    87 |   775 |   646 |   381 |   306 ||  2196
       Ring mail         |       |       |       |    42 |   448 |   176 |    23 |    18 |    24 ||   731
       Ice dragon scales |       |       |       |       |    78 |       |       |       |       ||    78
Dodge: Dodged            |    46 |    73 |   183 |   364 |  1538 |  2071 |  1674 |  1197 |  1040 ||  8186
       Deflected         |       |       |       |       |       |       |    43 |    72 |    44 ||   159
Block: Other             |       |       |       |       |       |       |       |   101 |   162 ||   263
